 Dungeon Crawl Stone Soup version 0.29-a0-919-gd064cfad1c (webtiles) character file.

Game seed: 234339476913394864

2270 Sobieck the Trooper (level 8, -8/71 HPs)
             Began as a Demigod Hunter on July 26, 2022.
             Mangled by a manticore (22 damage)
             ... on level 7 of the Dungeon.
             The game lasted 00:13:57 (5649 turns).

Sobieck the Trooper (Demigod Hunter)                Turns: 5649, Time: 00:13:58

Health: -8/71      AC:  8    Str: 12    XL:     8   Next: 94%
Magic:  10/10      EV: 16    Int: 11    God:
Gold:   351        SH:  0    Dex: 25    Spells: 7/7 levels left

rFire   + . .      SeeInvis +   a - +2 demon blade (elec) {long}
rCold   . . .      Faith    .   (no shield)
rNeg    . . .      Spirit   .   c - +1 leather armour
rPois   .          Reflect  .   O - +0 helmet
rElec   .          Harm     .   x - +0 cloak
rCorr   .          Rampage  .   D - +0 pair of gloves
Will    .....                   J - +0 pair of boots
Stlth   ++........              (no amulet)
HPRegen 0.21/turn               k - ring of see invisible
MPRegen 0.12/turn               S - ring of protection from fire

@: spiked
A: high MP 1, forlorn, divine attributes
a: no special abilities


You were on level 7 of the Dungeon.
You visited 1 branch of the dungeon, and saw 7 of its levels.

You collected 351 gold pieces.


Innate Abilities, Weirdness & Mutations

You have an increased reservoir of magic. (+10% MP)
You shall have no god before yourself.
Your divine heritage dramatically boosts your attributes as you level up.


   Skills:
 + Level 6.4 Fighting
 + Level 5.8 Long Blades
 - Level 5.0 Ranged Weapons
 - Level 2.0 Armour
 - Level 6.0 Dodging
 - Level 1.0 Stealth


You had 7 spell levels left.
You didn't know any spells.
Your spell library contained the following spells:

 Spells                   Type           Power      Damage    Failure   Level
 Shock                    Conj/Air       0%         1d3       41%         1
 Blink                    Tloc           0%         N/A       56%         2
 Sublimation of Blood     Necr           0%         N/A       56%         2
 Swiftness                Air            0%         N/A       80%         3
 Airstrike                Air            0%         0-1+      99%         4
 Olgreb's Toxic Radiance  Pois           0%         N/A       99%         4
 Petrify                  Tmut/Erth      0%         N/A       99%         4
 Irradiate                Conj/Tmut      0%         3d11      100%        5
 Manifold Assault         Tloc           0%         N/A       100%        5
 Ozocubu's Refrigeration  Ice            0%         4d5       100%        7
 Storm Form               Tmut/Air       0%         N/A       100%        7
 Ignition                 Fire           0%         3d3       100%        8

Inventory:

Hand Weapons
 a - a +2 demon blade of electrocution (weapon) {long}
   (You found it on level 3 of the Dungeon)
 b - a +1 shortbow of freezing {bow}
 i - a +2 dagger of venom {short}
   (You took it off a kobold on level 2 of the Dungeon)
Missiles
 d - 64 stones {throwing}
 q - 5 javelins {throwing}
 u - 3 throwing nets {=f!fthrowing}
 y - 4 boomerangs {throwing}
 B - 4 poisoned darts {throwing}
Armour
 c - a +1 leather armour (worn)
 h - a +0 leather armour
   (You found it on level 1 of the Dungeon)
 n - a +0 chain mail
   (You found it on level 1 of the Dungeon)
 s - a +0 ring mail
   (You found it on level 3 of the Dungeon)
 x - a +0 cloak (worn)
   (You found it on level 2 of the Dungeon)
 D - a +0 pair of gloves (worn)
   (You found it on level 4 of the Dungeon)
 F - a +0 ring mail
   (You took it off an orc on level 4 of the Dungeon)
 G - a +0 robe
   (You found it on level 4 of the Dungeon)
 H - a +0 ring mail
   (You found it on level 4 of the Dungeon)
 I - a +0 leather armour
   (You took it off an orc on level 4 of the Dungeon)
 J - a +0 pair of boots (worn)
   (You found it on level 6 of the Dungeon)
 K - a +0 chain mail
   (You took it off an orc on level 5 of the Dungeon)
 L - a +0 leather armour
   (You found it on level 5 of the Dungeon)
 M - a +0 chain mail
   (You found it on level 6 of the Dungeon)
 N - a +0 leather armour
   (You took it off an orc on level 5 of the Dungeon)
 O - a +0 helmet (worn)
   (You found it on level 6 of the Dungeon)
 T - a +0 robe
   (You took it off Pikel on level 5 of the Dungeon)
 U - a +0 leather armour
   (You found it on level 6 of the Dungeon)
 V - a +0 robe
   (You took it off an orc wizard on level 6 of the Dungeon)
 W - a +0 robe
   (You took it off an orc wizard on level 6 of the Dungeon)
 X - a +0 leather armour
   (You took it off an orc on level 7 of the Dungeon)
 Y - a +0 leather armour
   (You took it off a gnoll bouda on level 7 of the Dungeon)
 Z - a +0 robe
   (You took it off an orc wizard on level 7 of the Dungeon)
Jewellery
 k - a ring of see invisible (left hand)
   (You found it on level 1 of the Dungeon)
 t - a ring of resist corrosion
   (You found it on level 2 of the Dungeon)
 S - a ring of protection from fire (right hand)
   (You found it on level 6 of the Dungeon)
Wands
 Q - a wand of iceblast (5)
   (You found it on level 6 of the Dungeon)
Scrolls
 e - 2 scrolls of enchant armour
 g - 9 scrolls of teleportation {@r4}
 v - 2 scrolls of immolation {!r!r}
 A - a scroll of vulnerability {!r!r}
 E - 2 scrolls of brand weapon
 R - 2 scrolls of fog
Potions
 f - a potion of magic
 j - a potion of curing {@q1}
 l - a potion of mutation {!q}
 m - 3 potions of invisibility
 o - 4 potions of brilliance
 p - a potion of cancellation {unknown}
 r - a potion of lignification {!q}
 w - a potion of berserk rage {unknown}
 z - a potion of might
 C - 4 potions of heal wounds {@q2}
 P - 2 potions of attraction {!q}

Dungeon Overview and Level Annotations

Branches:
Dungeon (7/15) Zot: 26574  Temple (0/1) D:5

Shops:
D:4 [:

Annotations:
D:4 1 runed translucent door, Crazy Yiuf

H.## #.#
#.#.# . #.#
#.#.# #.#
#.#.# #.#
#.#.# #.#.#
#...#
#####..####
#......H..#
#......@..#
#.........#
#......)..#
#.........#
#.........#
#........<#
#.÷.......#
#<........#
###########


You could see a manticore.


Message History

The yak bellows!
The arrow hits the yak but does no damage.
A manticore comes into view.
A yak comes into view.
You shoot an arrow. The yak bellows!
The arrow hits the yak!
The arrow freezes the yak.
Items here: ))) †.
Items here: )) [ †.
Things that are here:
a +0 whip {mace}; a +0 flail {mace}; a +0 dagger {short} Danger!
Items here: ))) ††.
Unknown command.
Your +1 shortbow of freezing {bow} stops glowing.
You hear the crackle of electricity.
a - a +2 demon blade of electrocution (weapon)
{long} Your +2 demon blade of electrocution {long} stops crackling.
Your +1 shortbow of freezing {bow} is covered in frost.
b - a +1 shortbow of freezing (weapon)
{bow} The yak bellows!
Fire: b) +1 shortbow (freeze) {bow}
Press: ? - help, Q - select action, (/) - cycle Shift-Dir - straight line, f/p - yak
Aim: a yak (moderately wounded, 78% to hit)
You shoot an arrow. The arrow hits the yak.
The arrow freezes the yak.
Your +1 shortbow of freezing {bow} stops glowing.
You hear the crackle of electricity.
a - a +2 demon blade of electrocution (weapon)
{long} The yak gores you!
You hit the yak. Lightning courses through the yak! The yak barely misses you.
You slice the yak!!
You kill the yak!
You slash the yak! The yak barely misses you.
You hit the yak. The yak gores you.
You hit the yak. The yak gores you!
You barely miss the yak. The yak completely misses you.
Unknown command.
You slash the yak! The yak misses you.
You slash the yak!
You kill the yak!
There is a stone staircase leading up here.
You climb upwards.
There is a stone staircase leading down here.
Unknown command.
You start resting.
You climb downwards.
There is a stone staircase leading up here.
Danger!
Unknown command.
Your +2 demon blade of electrocution {long} stops crackling.
Your +1 shortbow of freezing {bow} is covered in frost.
b - a +1 shortbow of freezing (weapon)
{bow} The manticore flicks its tail.
The volley of spikes hits you!
The barbed spikes become lodged in your body.
Unknown command.
Fire: b) +1 shortbow (freeze) {bow}
Press: ? - help, Q - select action, (/) - cycle Shift-Dir - straight line, f - manticore
Aim: a manticore (78% to hit)
You shoot an arrow. The arrow hits the manticore.
The arrow freezes the manticore.
The manticore flicks its tail.
The volley of spikes hits you!
The barbed spikes become lodged in your body.
Fire: b) +1 shortbow (freeze) {bow}
Press: ? - help, Q - select action, (/) - cycle Shift-Dir - straight line, f/p - manticore
Aim: a manticore (lightly wounded, 78% to hit)
You shoot an arrow.
The arrow hits the manticore but does no damage.
Fire: b) +1 shortbow (freeze) {bow}
Press: ? - help, Q - select action, (/) - cycle Shift-Dir - straight line, f/p - manticore
Aim: a manticore (lightly wounded, 78% to hit)
You shoot an arrow.
The arrow completely misses the manticore.
Fire: b) +1 shortbow (freeze) {bow}
Press: ? - help, Q - select action, (/) - cycle Shift-Dir - straight line, f/p - manticore
Aim: a manticore (lightly wounded, 78% to hit)
You shoot an arrow. The arrow hits the manticore!
The arrow freezes the manticore.
Your +1 shortbow of freezing {bow} stops glowing.
You hear the crackle of electricity.
a - a +2 demon blade of electrocution (weapon)
{long} You barely miss the manticore.
The manticore closely misses you. x2
The manticore misses you.
You slash the manticore!
The manticore bites you but does no damage.
The manticore claws you but does no damage.
The manticore claws you.
You hit the manticore but do no damage. The manticore closely misses you.
The manticore claws you but does no damage. x2
You barely miss the manticore. The manticore bites you!!
* * * LOW HITPOINT WARNING * * *
The manticore completely misses you. The manticore claws you.
* * * LOW HITPOINT WARNING * * *
Unknown command.
You slash the manticore! The manticore barely misses you.
The manticore claws you but does no damage.
The manticore claws you!
* * * LOW HITPOINT WARNING * * *
You hit the manticore. The manticore bites you!!
You die...

Skill      XL: |  1  2  3  4  5  6  7  8 |
---------------+-------------------------+-----
Stealth        | 1 |  1.0
Fighting       | 2 3 5 6 |  6.4
Dodging        | 2 3 5 6 |  6.0
Ranged Weapons | 4 5 |  5.0
Armour         | 1 2 |  2.0
Long Blades    | 1 2 4 5 |  5.8

Action                   |  1- 3 |  4- 6 |  7- 9 || total
-------------------------+-------+-------+-------++-------
Melee: Demon blade       |     2 |    58 |    71 ||   131
       Punch             |       |       |     1 ||     1
 Fire: Shortbow          |   155 |    72 |    60 ||   287
Throw: Dart              |       |     1 |       ||     1
  Use: Scroll            |    13 |     3 |     3 ||    19
       Potion            |       |       |     1 ||     1
 Stab: Sleeping          |       |     1 |     1 ||     2
Armor: Leather armour    |    21 |    26 |    22 ||    69
Dodge: Dodged            |    41 |    55 |    54 ||   150

Levels and vault maps discovered:
D:1:      lightli_arrival_boilingwater, layout_loops_ring
D:2:      layout_loops_ring, basic_altar, hellmonk_ecumenical_altar_dog_temple
D:3:      layout_basic
D:4:      layout_basic, serial_shops, nicolae_lakefront_shop,
          grunt_ministairs_7, kennysheep_small_circle, uniq_crazy_yiuf_cottage
D:5:      layout_cave_pools, nicolae_dithmenos_through_a_glass_darkly,
          chequers_temple_overflow_minitemple, minmay_temple_entry_waves
D:6:      layout_cave_pools, kennysheep_okawaru_gauntlet, eino_tiny_chamber,
          hangedman_decor_slide_cut, uniq_pikel
D:7:      layout_rooms

Notes
Turn   | Place    | Note
-------+----------+-------------------------------------------
     0 | D:1      | Sobieck the Demigod Hunter began the quest for the Orb.
     0 | D:1      | Reached XP level 1. HP: 17/17 MP: 3/3
    34 | D:1      | Reached skill level 1 in Stealth
   171 | D:1      | Reached XP level 2. HP: 24/24 MP: 4/4
   254 | D:1      | Reached skill level 2 in Fighting
   254 | D:1      | Reached skill level 2 in Dodging
   806 | D:2      | Reached skill level 4 in Ranged Weapons
   809 | D:2      | Reached skill level 1 in Armour
   865 | D:2      | Reached XP level 3. HP: 29/29 MP: 5/5
  1970 | D:3      | Reached XP level 4. HP: 37/37 MP: 6/6
  2134 | D:3      | You add the spells Blink, Manifold Assault and Storm Form
                  | to your library.
  2170 | D:3      | You pick up a book of Alchemy and begin reading...
  2170 | D:3      | You add the spells Sublimation of Blood, Petrify and
                  | Irradiate to your library.
  2564 | D:4      | Found Toiwete's Armour Emporium.
  2584 | D:4      | Noticed an ogre
  2850 | D:4      | Killed an ogre
  2851 | D:4      | Reached skill level 1 in Long Blades
  2851 | D:4      | Reached skill level 2 in Armour
  2851 | D:4      | Reached XP level 5. HP: 44/44 MP: 7/7
  2852 | D:4      | Reached skill level 3 in Fighting
  2919 | D:4      | Reached skill level 3 in Dodging
  3020 | D:4      | Reached XP level 6. HP: 51/51 MP: 8/8
  3052 | D:4      | Found a runed translucent door.
  3053 | D:4      | Noticed Crazy Yiuf
  3272 | D:4      | Reached skill level 5 in Ranged Weapons
  3364 | D:4      | Found Fabaxaz's Book Shoppe.
  3377 | D:4      | Reached skill level 2 in Long Blades
  3691 | D:5      | Entered Level 5 of the Dungeon
  3862 | D:5      | Reached XP level 7. HP: 56/56 MP: 9/9
  3970 | D:5      | Found a staircase to the Ecumenical Temple.
  4023 | D:5      | Reached skill level 4 in Fighting
  4023 | D:5      | Reached skill level 3 in Long Blades
  4023 | D:5      | Reached skill level 4 in Dodging
  4090 | D:5      | You add the spells Olgreb's Toxic Radiance, Ozocubu's
                  | Refrigeration and Ignition to your library.
  4567 | D:6      | Noticed Pikel
  4732 | D:5      | Killed Pikel
  4733 | D:5      | Reached skill level 5 in Fighting
  4733 | D:5      | Reached skill level 4 in Long Blades
  4733 | D:5      | Reached skill level 5 in Dodging
  4733 | D:5      | Reached XP level 8. HP: 22/69 MP: 10/10
  5237 | D:6      | Reached skill level 5 in Long Blades
  5333 | D:7      | Reached skill level 6 in Fighting
  5358 | D:7      | Reached skill level 6 in Dodging
  5474 | D:7      | You pick up a book of Air and begin reading...
  5474 | D:7      | You add the spells Shock, Swiftness and Airstrike to your
                  | library.
  5498 | D:7      | Noticed a manticore
  5648 | D:7      | HP: 13/71 [manticore (7)]
  5649 | D:7      | Mangled by a manticore

Vanquished Creatures
  Pikel (D:5)
  2 yaks (D:7)
  An ice beast (D:5)
  2 sky beasts
  A centaur (D:6)
  2 ogres
  A lemure (D:5)
  A phantom (D:5)
  2 necrophages (D:5)
  3 scorpions
  2 howler monkeys
  A hound (D:7)
  3 orc priests
  A gnoll bouda (D:7)
  2 jellies
  2 iguanas (D:4)
  4 orc wizards
  3 gnolls (D:7)
  5 adders
  2 ufetubi
  5 worms
  4 dart slugs
  12 orcs
  6 bats
  7 endoplasms
  5 giant cockroaches
  5 goblins
  5 hobgoblins
  7 jackals
  8 kobolds
  3 quokkas
  13 ball pythons
  2 frilled lizards
  6 rats
129 creatures vanquished.

Table legend:
 A = Non-vault XP
 B = Vault XP
 C = Vault XP percentage of total XP
 D = Non-vault monster count
 E = Vault monster count
 F = Vault count percentage of total count
                 A         B        C        D         E       F
            +---------+---------+-------+---------+---------+-------
      Total |    2528 |     715 |  22.0 |     116 |      12 |   9.4
            +---------+---------+-------+---------+---------+-------
        D:1 |      31 |       0 |   0.0 |      20 |       0 |   0.0
        D:2 |      70 |       8 |  10.3 |      23 |       4 |  14.8
        D:3 |      37 |       0 |   0.0 |      12 |       0 |   0.0
        D:4 |     420 |      18 |   4.1 |      26 |       5 |  16.1
        D:5 |     527 |     685 |  56.5 |      10 |       1 |   9.1
        D:6 |     554 |       4 |   0.7 |       9 |       2 |  18.2
        D:7 |     889 |       0 |   0.0 |      16 |       0 |   0.0
            +---------+---------+-------+---------+---------+-------

Illustrated notes

Table legend:
 A = Kills in this place as a percentage of kills in entire the game.
 B = Kills by you in this place as a percentage of kills by you in the entire game.
 C = Kills by friends in this place as a percentage of kills by friends in the entire game.
 D = Other kills in this place as a percentage of other kills in the entire game.
 E = Experience gained in this place as a percentage of experience gained in the entire game.
 F = Experience gained in this place divided by the number of levels of this place that you have seen.
                   A       B       C       D       E      F
               +-------+-------+-------+-------+-------+----------------------
         Total | 100.0 | 100.0 |   N/A |   N/A | 100.0 | 463.3
       Dungeon | 100.0 | 100.0 |   N/A |   N/A | 100.0 | 463.3
               +-------+-------+-------+-------+-------+----------------------

Table legend: (Time is in decaauts)
 A = Elapsed time spent in this place.
 B = Non-inter-level travel time spent in this place.
 C = Inter-level travel time spent in this place.
 D = Time resting spent in this place.
 E = Time spent auto-exploring this place.
 F = Levels seen in this place.
 G = Mean time per level.
                   A        B        C        D        E       F      G
               +--------+--------+--------+--------+--------+-----+--------+
         Total |   5744 |   5443 |    301 |    468 |   3961 |   7 |  820.6 |
       Dungeon |   5744 |   5443 |    301 |    468 |   3961 |   7 |  820.6 |
               +--------+--------+--------+--------+--------+-----+--------+

Top non-repeatable levels by time:
     D:4: 1131 daAuts
     D:2: 1055 daAuts
     D:5: 864 daAuts
     D:1: 818 daAuts
     D:6: 783 daAuts
     D:3: 770 daAuts
     D:7: 320 daAuts
